 Dungeon Crawl Stone Soup version 0.31-a0-174-g85c54bcb58 (webtiles) character file.

Game seed: 12847929153820013040

646 Anon1729 the Trooper (level 7, -9/61 HPs)
             Began as a Minotaur Monk on June 15, 2023.
             Killed from afar by an orc wizard (12 damage)
             ... with a puff of flame
             ... on level 4 of the Dungeon.
             The game lasted 00:03:08 (4192 turns).

Anon1729 the Trooper (Minotaur Monk)                Turns: 4192, Time: 00:03:09

Health: -9/61      AC:  2    Str: 13 (15) XL:     7   Next: 27%
Magic:  8/8        EV: 14    Int:  5 (7)  God:
Gold:   173        SH:  0    Dex: 14 (15) Spells: 6/6 levels left

rFire   . . .        s - +2 dagger (speed)
rCold   . . .        d - orb {light}
rNeg    . . .        b - +0 robe
rPois   .            (helmet restricted)
rElec   .            (no cloak)
rCorr   .            (no gloves)
SInv    .            (no boots)
Will    .....        (no amulet)
Stlth   +            e - ring of wizardry
HPRegen 0.30/turn    (no ring)
MPRegen 0.11/turn

%: wizardry (x1)
@: lethally poisoned (-9 -> -15), glowing
A: horns 2, retaliatory headbutt
a: no special abilities


You were on level 4 of the Dungeon.
You visited 1 branch of the dungeon, and saw 4 of its levels.
You also visited: Sewer.

You collected 173 gold pieces.

Inventory:

Hand Weapons
 a - a +0 short sword
 l - a +1 dagger of holy wrath
 s - a +2 dagger of speed (weapon)
Armour
 b - a +0 robe (worn)
 d - an orb of light (worn)
 t - a +1 ring mail of fire resistance
Jewellery
 e - a ring of wizardry (left hand)
Scrolls
 c - a scroll of teleportation {unknown}
 f - a scroll of poison {unknown}
 g - a scroll of summoning {unknown}
 h - a scroll of noise
 i - a scroll of brand weapon {unknown}
 j - a scroll of fear {unknown}
 k - a scroll of blinking
 m - a scroll of torment {unknown}
 n - 2 scrolls of identify {unknown}
 r - 2 scrolls of revelation {unknown}
Potions
 q - a potion of heal wounds {unknown}


   Skills:
 + Level 5.5 Fighting
 + Level 5.0 Short Blades
 + Level 3.9 Armour
 + Level 5.1 Dodging
 + Level 3.3 Invocations


You had 6 spell levels left.
You didn't know any spells.
Your spell library contained the following spells:

 Spells                   Type           Power      Damage    Failure   Level
 Magic Dart               Conj           0%         1d3       21%         1
 Call Imp                 Summ           0%         N/A       32%         2
 Poisonous Vapours        Pois/Air       0%         N/A       32%         2
 Mephitic Cloud           Conj/Pois/Air  0%         N/A       52%         3
 Portal Projectile        Hex/Tloc       0%         N/A       52%         3
 Tukima's Dance           Hex            0%         N/A       52%         3
 Blade Hands              Tmut           0%         N/A       99%         5
 Freezing Cloud           Conj/Ice/Air   0%         6-21      99%         5


Dungeon Overview and Level Annotations

Branches:
Dungeon (4/15)              Sewer (visited)
 Temple: D:4-7

Altars:
The Shining One


Innate Abilities, Weirdness & Mutations

You have a pair of horns on your head.
You reflexively headbutt those who attack you in melee.


Message History

You closely miss the orc wizard.
You headbutt the orc wizard, but do no damage.
The orc wizard is lightly wounded.
You feel sick.
You hit the orc wizard but do no damage.
The orc wizard is lightly wounded.
You feel sick.
The orc wizard hits you with a +1 dagger of venom.
* * * LOW HITPOINT WARNING * * *
You are lethally poisoned!
You hit the orc wizard but do no damage.
Your headbutt misses the orc wizard.
The orc wizard is lightly wounded.
* * * LOW HITPOINT WARNING * * *
You feel sick.
You hit the orc wizard.
The orc wizard is moderately wounded.
* * * LOW HITPOINT WARNING * * *
You feel sick.
The orc wizard hits you with a +1 dagger of venom.
* * * LOW HITPOINT WARNING * * *
You completely miss the orc wizard.
The orc wizard is moderately wounded.
* * * LOW HITPOINT WARNING * * *
You feel sick.
You hit the orc wizard.
The orc wizard is heavily wounded.
* * * LOW HITPOINT WARNING * * *
You feel sick. The orc wizard misses you.
You hit the orc wizard.
The orc wizard is severely wounded.
* * * LOW HITPOINT WARNING * * *
You feel sick.
You hit the orc wizard.
The orc wizard is almost dead.
* * * LOW HITPOINT WARNING * * *
You feel sick.
The orc wizard gestures at you while chanting.
The puff of flame hits you!
You die...

#.# #.# #.# #.# #.# #.#
#.# #.# #.######### #.#
#.#.......! #.#
#.#.######## #.#
#..........# #.#
###.######.# #@# ##
###.# ### #o# ..
..#.######.#...#.#.####
...............)>...$.#
..#....###.#.###.#.#..#
###....# #.#.# #
....#### #.# #
.........# #?#
.........# #.#


You could see an orc wizard.

Vanquished Creatures
  A phantom (D:4)
  2 bullfrogs (Sewer)
  A scorpion (D:4)
  An orc priest (D:4)
  2 hounds (D:4)
  An iguana (D:4)
  An orc wizard (D:3)
  Robin (D:3)
  4 gnolls (D:4)
  9 adders
  A river rat (D:4)
  2 worms
  4 dart slugs
  3 orcs
  4 endoplasms
  12 giant cockroaches
  6 goblins
  6 hobgoblins (D:3)
  2 jackals (D:3)
  8 quokkas
  11 ball pythons
  4 bats
  17 frilled lizards
  4 kobolds
  3 rats
110 creatures vanquished.

Notes
Turn   | Place    | Note
-------+----------+-------------------------------------------
     0 | D:1      | Anon1729 the Minotaur Monk began the quest for the Orb.
     0 | D:1      | Reached XP level 1. HP: 19/19 MP: 0/0
   369 | D:1      | Reached XP level 2. HP: 20/27 MP: 1/1
   641 | D:2      | Reached skill level 1 in Armour
   648 | D:2      | Reached skill level 1 in Invocations
   648 | D:2      | Reached XP level 3. HP: 5/33 MP: 2/2
   851 | D:2      | Found a glowing golden altar of the Shining One.
  1100 | D:2      | Found a faded altar of an unknown god.
  1700 | D:3      | Reached XP level 4. HP: 26/40 MP: 4/4
  1985 | D:3      | Noticed Robin
  1997 | D:3      | Killed Robin
  2658 | D:4      | Reached XP level 5. HP: 32/47 MP: 5/5
  2961 | D:4      | Found a glowing drain.
  2965 | Sewer    | Entered a sewer
  3000 | Sewer    | Reached XP level 6. HP: 46/55 MP: 6/6
  3229 | Sewer    | Reached skill level 5 in Fighting
  3847 | D:4      | Reached XP level 7. HP: 51/61 MP: 8/8
  4101 | D:4      | Reached skill level 5 in Short Blades
  4101 | D:4      | Reached skill level 5 in Dodging
  4192 | D:4      | HP: 3/61 [poisoned by an orc wizard]
  4192 | D:4      | Killed from afar by an orc wizard

Illustrated notes

Levels and vault maps discovered:
D:1:      matt_arrival_spirals, layout_loops_ring
D:2:      layout_loops_ring, chequers_ecumenical_altar_grove, basic_altar
D:3:      layout_loops_ring, uniq_robin
D:4:      layout_basic, gup_ossuary_entry_pyramid, gup_sewer_entry_spiral

Skill      XL: |  1  2  3  4  5  6  7 |
---------------+----------------------+-----
Armour         | 1 2 3 |  3.9
Fighting       | 4 5 |  5.5
Invocations    | 1 2 3 |  3.3
Short Blades   | 4 5 |  5.0
Dodging        | 4 5 |  5.1

Action                     |  1- 3 |  4- 6 |  7- 9 || total
---------------------------+-------+-------+-------++-------
  Melee: Short sword       |    72 |    50 |       ||   122
         Headbutt          |    18 |    44 |    14 ||    76
         Dagger            |       |   181 |    46 ||   227
    Use: Potion            |     1 |     4 |       ||     5
         Scroll            |       |     1 |       ||     1
 Armour: Robe              |     8 |    21 |     4 ||    33
  Dodge: Dodged            |    41 |   116 |    27 ||   184

Table legend: (Time is in decaauts)
 A = Elapsed time spent in this place.
 B = Non-inter-level travel time spent in this place.
 C = Inter-level travel time spent in this place.
 D = Time resting spent in this place.
 E = Time spent auto-exploring this place.
 F = Levels seen in this place.
 G = Mean time per level.
                   A        B        C        D        E       F      G
               +--------+--------+--------+--------+--------+-----+--------+
         Total |   4174 |   3851 |    323 |     28 |   3100 |   5 |  834.8 |
       Dungeon |   3363 |   3040 |    323 |      9 |   2521 |   4 |  840.8 |
         Sewer |    810 |    810 |      0 |     19 |    578 |   1 |  810.0 |
               +--------+--------+--------+--------+--------+-----+--------+

Top non-repeatable levels by time:
     D:3: 1153 daAuts
   Sewer: 810 daAuts
     D:2: 772 daAuts
     D:4: 743 daAuts
     D:1: 693 daAuts
